 Dungeon Crawl Stone Soup version 0.28.0 (webtiles) character file.

Game seed: 14843420391408574590

23 Akaron the Digger (level 3, 0/21 HPs)
             Began as an Octopode Earth Elementalist on Feb 6, 2022.
             Slain by a jackal (1 damage)
             ... on level 1 of the Dungeon.
             The game lasted 00:01:34 (394 turns).

Akaron the Digger (Octopode Earth Elementalist)      Turns: 394, Time: 00:01:35

Health: 0/21       AC:  1    Str:  7    XL:     3   Next: 0%
Magic:  2/6        EV: 13    Int: 19    God:
Gold:   12         SH:  0    Dex: 12    Spells: 3/6 levels left

rFire   . . .      SeeInvis .   (no weapon)
rCold   . . .      Faith    .   (no shield)
rNeg    . . .      Spirit   .   (helmet restricted)
rPois   .          Reflect  .   (no amulet)
rElec   .          Harm     .   (no ring)
rCorr   .          Rampage  .   (no ring)
Will    .....                   (no ring)
Stlth   +++.......              (no ring)
HPRegen 0.07/turn               (no ring)
MPRegen 0.10/turn               (no ring)
                                (no ring)
                                (no ring)

@: no status effects
A: almost no armour, amphibious, 8 rings, camouflage 1, gelatinous body 1,
(nimble swimmer 1), tentacles
a: no special abilities


You were on level 1 of the Dungeon.
You visited 1 branch of the dungeon, and saw 1 of its levels.

You collected 12 gold pieces.

Inventory:

Missiles
 b - 10 stones
Scrolls
 a - a scroll of vulnerability {unknown}
 c - a scroll of blinking {unknown}


   Skills:
 + Level 2.3 Dodging
 - Level 2.8 Stealth
 + Level 2.2 Spellcasting
 * Level 0.1 Conjurations
 + Level 1.0 Transmutations
 + Level 3.5 Earth Magic


You had 3 spell levels left.
You knew the following spells:

 Your Spells              Type           Power      Damage    Failure   Level
a - Sandblast             Erth           30%        2d9       3%          1
b - Passwall              Tmut/Erth      8%         N/A       10%         2

Your spell library contained the following spells:

 Spells                   Type           Power      Damage    Failure   Level
 Stone Arrow              Conj/Erth      18%        3d8       24%         3
 Portal Projectile        Hex/Tloc       4%         N/A       45%         3
 Petrify                  Tmut/Erth      10%        N/A       54%         4
 Blade Hands              Tmut           3%         N/A       96%         5
 Excruciating Wounds      Necr           1%         N/A       99%         5


Dungeon Overview and Level Annotations

Branches:
Dungeon (1/15)

Altars:


Innate Abilities, Weirdness & Mutations

You cannot wear most types of armour.
You are amphibious.
You can wear up to eight rings at the same time.
Your skin changes colour to match your surroundings (Stealth+).
Your rubbery body absorbs attacks. (AC +1, EV +1)
((You are camouflaged when in or above water. (Stealth+)))
You have tentacles for arms and can constrict up to eight enemies at once.


Message History

The bat closely misses you.
You tentacle-slap the bat. You grab the bat.
The bat is heavily wounded.
You constrict the bat. The bat hits you.
* * * LOW HITPOINT WARNING * * *
The bat hits you but does no damage. The bat closely misses you.
The bat misses you.
You tentacle-slap the bat but do no damage.
The bat is severely wounded.
You constrict the bat.
You kill the bat!
The bat barely misses you. The bat closely misses you.
You tentacle-slap the bat but do no damage.
You grab the bat. You constrict the bat. The bat closely misses you.
The bat hits you but does no damage. The kobold closely misses you.
The bat closely misses you.
You tentacle-slap the bat.
The bat is severely wounded.
You constrict the bat.
You kill the bat!
The kobold closely misses you. The jackal closely misses you.
You have reached level 3!
Your experience leads to an increase in your attributes!
Increase (S)trength, (I)ntelligence, or (D)exterity?
You feel clever. x2
You barely miss the kobold. Your grab misses the kobold.
Your tentacle-slap misses the kobold.
The kobold closely misses you. The jackal closely misses you.
You tentacle-slap the kobold. You grab the kobold.
The kobold is moderately wounded.
You constrict the kobold, but do no damage.
The jackal completely misses you.
The kobold hits you with a +0 short sword.
* * * LOW HITPOINT WARNING * * *
The jackal closely misses you.
You tentacle-slap the kobold but do no damage.
You squeeze the kobold.
You kill the kobold!
The jackal misses you. The jackal bites you.
You die...

#.......###.........###... ..
K###.....## #.........# ##.# . ..
##...## #.........# #.# #.#.
#.### ########..# #.# #.#. #.#
#<## #..####.# #... #.#
#..###....##.# #..###.#
#...##........ #...##.#
######...##.#......
#####..##.####h@#∩.....#.###.##.
.........?....Kh##∩.....###......
#######.###..######.....∩#..####.
#.. ##..# ##.....∩#.## ## #..
##..# #∩...÷.∩#.## # #... #.#
#.÷÷....#..# # ##.# .#
##.....##.###### .# .#
##.....#.......# #
#∩.....#.∩.##..#


You could see 2 jackals and a kobold.

Vanquished Creatures
  3 dart slugs (D:1)
  2 endoplasms (D:1)
  A giant cockroach (D:1)
  A hobgoblin (D:1)
  2 quokkas (D:1)
  3 bats (D:1)
  2 frilled lizards (D:1)
  3 kobolds (D:1)
  A rat (D:1)
18 creatures vanquished.

Notes
Turn   | Place    | Note
-------+----------+-------------------------------------------
     0 | D:1      | Akaron the Octopode Earth Elementalist began the quest for
                  | the Orb.
     0 | D:1      | Reached XP level 1. HP: 11/11 MP: 3/3
    89 | D:1      | Reached XP level 2. HP: 17/17 MP: 3/5
   123 | D:1      | Learned a level 2 spell: Passwall
   392 | D:1      | Reached XP level 3. HP: 5/21 MP: 2/6
   393 | D:1      | HP: 1/21 [kobold (4)]
   394 | D:1      | Slain by a jackal

Illustrated notes

Levels and vault maps discovered:
D:1:      amcnicky_arrival_abandoned_market, layout_rooms

Action                   || total
-------------------------++-------
Melee: Unarmed           ||    11
       Constrict         ||     4
       Tentacles         ||     1
 Cast: Sandblast         ||    20
Armor: Skin              ||     8
Dodge: Dodged            ||    45
